Map: Acid Plant LE

Players

axu - Winner!

  • Race: Protoss Protoss
  • League: Platinum
  • Spawn Location: 5:00

TreeSkilling

  • Race: Protoss Protoss
  • League: Platinum
  • Spawn Location: 11:00

VOD

Have the link to the VOD?

Description

Time

  • Played on: April 10, 2018, 12:15 p.m.
  • Length: 6:46
Show
View Real Time Build Order
Export as new Build Order

axu Protoss - Winner!

Build Orders:  

Get SALT Encoding   

  12  0:00  Probe  
  13  0:14  Probe  
  13  0:18  Pylon  
  14  0:27  Probe  
  15  0:39  Probe  
  15  0:41  Gateway  
  16  0:51  Probe (Chrono Boost)  
  16  0:53  Assimilator  
  17  1:03  Probe (Chrono Boost)  
  18  1:10  Assimilator  
  18  1:11  Probe (Chrono Boost)  
  19  1:14  Gateway  
  19  1:17  Probe  
  20  1:30  Cybernetics Core  
  20  1:31  Probe  
  21  1:43  Probe  
  22  1:55  Probe  
  22  2:00  Pylon  
  23  2:18  Probe  
  23  2:22  Adept x2 (Chrono Boost)  
  28  2:23  Warp Gate  
  28  2:30  Probe  
  29  2:43  Stalker (Chrono Boost)  
  29  2:50  Pylon  
  31  3:07  Stalker  
  31  3:10  Nexus  
  33  3:13  Pylon  
  33  3:19  Stalker  
  35  3:31  Robotics Facility  
  33  4:08  Stalker x2  
  35  4:16  Shield Battery  
  35  4:21  Probe x2  
  35  4:23  Immortal (Chrono Boost)  
  37  4:25  Shield Battery  
  41  4:37  Gateway  
  41  4:39  Gateway  
  41  4:45  Probe  
  41  4:46  Probe  
  43  4:53  Immortal (Chrono Boost)  
  47  5:05  Probe x2  
  49  5:07  Stalker  
  49  5:13  Stalker  
  53  5:19  Shield Battery  
  53  5:28  Immortal (Chrono Boost)  
  53  5:31  Probe  
  53  5:32  Probe  
  59  5:49  Stalker  
  61  6:04  Observer (Chrono Boost), Pylon  
  62  6:07  Pylon  
  62  6:10  Pylon  
  66  6:29  Probe x2 (Chrono Boost)  
  68  6:44  Nexus  
Show
View Real Time Build Order
Export as new Build Order

TreeSkilling Protoss 

Build Orders:  

Get SALT Encoding   

  12  0:02  Probe  
  13  0:14  Probe (Chrono Boost)  
  14  0:24  Probe (Chrono Boost)  
  14  0:25  Pylon  
  15  0:43  Probe  
  15  0:44  Gateway  
  15  0:47  Assimilator  
  16  0:55  Probe (Chrono Boost)  
  17  0:58  Pylon  
  17  1:06  Assimilator  
  17  1:07  Probe (Chrono Boost)  
  18  1:14  Probe (Chrono Boost)  
  19  1:25  Probe  
  20  1:31  Cybernetics Core  
  20  1:37  Probe  
  21  1:53  Probe  
  22  2:05  Warp Gate (Chrono Boost)  
  22  2:09  Stalker (Chrono Boost)  
  24  2:26  Robotics Facility  
  24  2:29  Gateway  
  24  2:31  Gateway  
  24  2:46  Probe  
  25  2:57  Stargate  
  25  2:58  Probe  
  26  3:01  Pylon  
  25  3:15  Immortal  
  29  3:22  Stalker  
  31  3:36  Probe  
  31  3:41  Void Ray  
  30  4:04  Immortal  
  33  4:12  Probe  
  34  4:24  Probe (Chrono Boost)  
  35  4:32  Void Ray  
  39  4:45  Pylon  
  39  4:56  Pylon  
  39  5:03  Probe (Chrono Boost)  
  39  5:05  Stalker  
  43  5:15  Probe (Chrono Boost)  
  43  5:22  Probe (Chrono Boost)  
  44  5:29  Probe  
  45  5:41  Nexus  
  45  5:44  Probe  
Tags
 
Add a new tag
Caveats
  • Supply blocks, unpowered buildings, or Contaminate may cause inaccurate times.
  • Supply counts are checked every 10 seconds.